 Dungeon Crawl Stone Soup version 0.26.0-45-g9c1d065592 (webtiles) character file.

Game seed: 14615404886518022712

2418 growler the Grappler (level 9, -2/76 HPs)
             Began as a Pale Draconian Transmuter on Jan 29, 2021.
             Slain by a cyclops (27 damage)
             ... on level 6 of the Dungeon.
             The game lasted 00:23:51 (7881 turns).

growler the Grappler (Pale Draconian Transmuter)    Turns: 7881, Time: 00:23:52

Health: -2/76      AC:  6    Str: 16    XL:     9   Next: 24%
Magic:  14/16      EV: 10    Int: 14    God:
Gold:   180        SH:  0    Dex: 11    Spells: 3/18 levels left

rFire    . . .     SeeInvis .     - Unarmed
rCold    + + +     Faith    .   (shield currently unavailable)
rNeg     . . .     Spirit   .   (armour unavailable)
rPois    +         Reflect  .   (helmet currently unavailable)
rElec    .         Harm     .   (cloak currently unavailable)
rCorr    .         Rampage  .   (gloves currently unavailable)
Will     .....                  (boots currently unavailable)
Stlth    +.........             (no amulet)
HPRegen  0.22/turn              i - ring of protection from fire
MPRegen  0.15/turn              e - ring of wizardry

@: ice-form
A: large, (breathe steam), unfitting armour, AC +7
a: End Transformation


You were on level 6 of the Dungeon.
You were a creature of crystalline ice.
You visited 1 branch of the dungeon, and saw 6 of its levels.
You also visited: Ossuary.

You collected 180 gold pieces.

Inventory:

Armour
 A - a +2 buckler
   (You found it on level 5 of the Dungeon)
Jewellery
 c - an uncursed amulet of reflection {unknown}
   (You found it on level 1 of the Dungeon)
 e - a ring of wizardry (right front paw)
   (You found it on level 1 of the Dungeon)
 i - a ring of protection from fire (left front paw)
   (You found it on level 3 of the Dungeon)
 o - an uncursed amulet of guardian spirit
   (You found it on level 4 of the Dungeon)
Wands
 v - a wand of digging (2)
   (You found it on level 2 of the Dungeon)
 B - a wand of polymorph (8)
   (You took it off Pikel on level 5 of the Dungeon)
Scrolls
 d - 4 scrolls of teleportation {@r4}
 g - 3 scrolls of remove curse {@r2}
 h - a scroll of blinking
 m - a scroll of magic mapping
 p - a scroll of noise {unknown}
 q - a scroll of fear {unknown}
 s - a scroll of random uselessness {unknown}
 t - a scroll of immolation {unknown}
 u - a scroll of enchant armour
 x - a scroll of enchant weapon {unknown}
 y - a scroll of vulnerability {unknown}
 C - a scroll of identify {@r1}
Potions
 a - 2 potions of might {unknown}
 b - 3 potions of magic {unknown}
 f - 5 potions of curing {unknown}
 j - a potion of cancellation {unknown}
 k - a potion of brilliance {unknown}
 l - a potion of degeneration {unknown}
 n - 2 potions of mutation {unknown}
 r - a potion of haste {unknown}
 w - a potion of heal wounds {unknown}
 z - a potion of resistance {unknown}
 D - a potion of flight {unknown}


   Skills:
 - Level 1.1 Fighting
 - Level 1.7 Dodging
 + Level 8.3 Unarmed Combat
 - Level 5.0 Spellcasting
 - Level 6.0 Transmutations
 + Level 5.5 Ice Magic
 - Level 2.0 Poison Magic


You had 3 spell levels left.
You knew the following spells:

 Your Spells              Type           Power        Failure   Level
a - Beastly Appendage     Tmut           40%          1%          1
b - Wereblood             Tmut           20%          1%          2
c - Ice Form              Ice/Tmut       19%          6%          4
d - Blade Hands           Tmut           10%          16%         5
x - Spider Form           Tmut/Pois      7%           4%          3

Your spell library contained the following spells:

 Spells                   Type           Power        Failure   Level
 Summon Small Mammal      Summ           12%          7%          1
 Call Imp                 Summ           3%           11%         2
 Call Canine Familiar     Summ           3%           21%         3
 Summon Guardian Golem    Hex/Summ       3%           21%         3
 Summon Ice Beast         Ice/Summ       11%          22%         4
 Summon Lightning Spire   Summ/Air       3%           52%         4


Dungeon Overview and Level Annotations

Branches:
Dungeon (6/15)            Ossuary (visited)
 Temple: D:4-7

Altars:
Dithmenos
Nemelex Xobeh
Trog
Vehumet

Shops:
D:6 !


Innate Abilities, Weirdness & Mutations

((You can breathe blasts of scalding, opaque steam.))
((Your pale cyan-grey scales are hard. (AC +7)))
You cannot fit into any form of body armour.
((You are cold-blooded and may be slowed by cold attacks.))


Message History

The worker ant zombie closely misses you.
You punch the worker ant zombie! You hit the worker ant zombie.
The worker ant zombie bites you.
You punch the worker ant zombie!
Your tail-slap misses the worker ant zombie.
The worker ant zombie barely misses you.
You hit the worker ant zombie. You punch the worker ant zombie.
The worker ant zombie closely misses you.
You hit the worker ant zombie. You punch the worker ant zombie.
You destroy the worker ant zombie!
No target in view!
Found Cuciunt's Distillery.
There is an entrance to Cuciunt's Distillery here.
You open the door.
Found a scroll labelled ECSIDAURUXT.
There is an open door here.
A scorpion comes into view.
Found a scroll labelled HUTOIMA RECIVO.
A scorpion is nearby!
You turn into a creature of crystalline ice.
The scorpion stings you but does no damage.
You punch the scorpion! You freeze the scorpion.
The scorpion barely misses you.
You pummel the scorpion!! You freeze the scorpion.
You kill the scorpion!
No target in view!
A cyclops comes into view.
The cyclops shouts!
The cyclops throws a large rock.
The large rock hits you!!
You see here a large rock.
A cyclops is nearby!
There is an open door here.
Your transformation is almost over.
There is an entrance to Cuciunt's Distillery here.
There is a stone staircase leading up here.
You warm up again.
You climb upwards.
There is a stone staircase leading down here.
You start resting.
You can't go up here!
You turn into a creature of crystalline ice.
You climb downwards.
There is a stone staircase leading up here.
The cyclops throws a large rock.
The large rock hits you!!
You see here a large rock.
The cyclops throws a large rock.
The large rock hits you!!
* * * LOW HITPOINT WARNING * * *
You see here a large rock.
The cyclops hits you!!
You die...

#.#....#
#.#....##############
#.?....'..∩.........#####
###....#########.........
#....# #.#<.#####
##....### #.#.......
#.......# #.##.####.
#....†(C# #.##.####.
#.....?Y#######.##......
#......(........#######.
#.......(####...........
#........# #.##########
########.# #.# #.# #.#
##### #.# #.# #.... #.#
#.# #.### #.# #.# #.#


You could see a cyclops.

Vanquished Creatures
  Pikel (D:5)
  A sky beast (D:5)
  An ice beast (D:5)
  2 ogres (D:4)
  A centaur (D:5)
  4 lemures (D:4)
  A bullfrog (D:5)
  11 scorpions
  A howler monkey (D:5)
  A centaur zombie (Ossuary)
  A bullfrog zombie (D:5)
  5 hounds
  5 orc wizards (D:5)
  A bullfrog skeleton (D:4)
  Ijyb (D:4)
  4 human zombies (Ossuary)
  A centaur skeleton (D:6)
  3 worker ants
  A big kobold zombie (Ossuary)
  3 mummies (Ossuary)
  A worker ant zombie (D:6)
  6 adders
  A scorpion zombie (Ossuary)
  A shadow imp (D:3)
  5 oozes
  An adder skeleton (D:5)
  2 dart slugs
  2 worms (D:3)
  6 leopard geckos
  14 orcs
  A ball python (D:1)
  7 bats
  9 giant cockroaches
  3 gnoll zombies (Ossuary)
  5 goblins
  10 hobgoblins
  3 jackals
  2 kobolds (D:1)
  3 quokkas
  3 frilled lizards
  A goblin zombie (Ossuary)
  2 hobgoblin zombies (Ossuary)
  2 kobold zombies (Ossuary)
  An orc zombie (Ossuary)
  A quokka skeleton (D:6)
  6 rats
147 creatures vanquished.

Vanquished Creatures (others)
  A scorpion (Ossuary)
1 creature vanquished.

Grand Total: 148 creatures vanquished

Notes
Turn   | Place    | Note
-------+----------+-------------------------------------------
     0 | D:1      | growler the Draconian Transmuter began the quest for the
                  | Orb.
     0 | D:1      | Reached XP level 1. HP: 16/16 MP: 3/3
   290 | D:1      | Reached XP level 2. HP: 23/23 MP: 5/5
   308 | D:1      | Learned a level 2 spell: Wereblood
   936 | D:1      | Reached XP level 3. HP: 26/28 MP: 6/6
  1212 | D:1      | Learned a level 3 spell: Spider Form
  2036 | D:2      | Reached XP level 4. HP: 32/35 MP: 8/8
  2244 | D:3      | Reached skill level 1 in Poison Magic
  2878 | D:4      | Noticed an ogre
  2887 | D:4      | Killed an ogre
  2888 | D:4      | Reached skill level 4 in Unarmed Combat
  2888 | D:4      | Reached XP level 5. HP: 18/40 MP: 5/9
  3065 | D:4      | Noticed an ogre
  3067 | D:4      | Found a radiant altar of Vehumet.
  3079 | D:4      | Killed an ogre
  3080 | D:4      | Reached XP level 6. HP: 27/47 MP: 7/11
  3413 | D:4      | Noticed Ijyb
  3413 | D:4      | Paralysed by Ijyb for 7 turns
  3430 | D:4      | Killed Ijyb
  3485 | D:4      | Found a sand-covered staircase.
  3533 | Ossuary  | Entered an ossuary
  3901 | Ossuary  | Reached skill level 5 in Unarmed Combat
  3901 | Ossuary  | Your scales start taking on a pale cyan-grey colour.
  3901 | Ossuary  | Reached XP level 7. HP: 37/52 MP: 10/13
  4297 | Ossuary  | Reached skill level 5 in Transmutations
  4302 | Ossuary  | Learned a level 4 spell: Ice Form
  4562 | Ossuary  | Reached skill level 1 in Ice Magic
  4827 | Ossuary  | Reached XP level 8. HP: 53/59 MP: 15/15
  4873 | Ossuary  | Reached skill level 5 in Spellcasting
  5357 | D:4      | Reached skill level 6 in Unarmed Combat
  5686 | D:4      | Found a bloodstained altar of Trog.
  5686 | D:4      | Found a sparkling altar of Nemelex Xobeh.
  5687 | D:4      | Found a shadowy altar of Dithmenos.
  5814 | D:5      | Entered Level 5 of the Dungeon
  5814 | D:5      | Noticed Pikel
  6140 | D:5      | Killed Pikel
  6141 | D:5      | Reached skill level 7 in Unarmed Combat
  6147 | D:5      | Learned a level 5 spell: Blade Hands
  6595 | D:5      | Reached XP level 9. HP: 14/64 MP: 13/16
  6932 | D:5      | Reached skill level 5 in Ice Magic
  6954 | D:5      | Reached skill level 8 in Unarmed Combat
  7677 | D:6      | Found Cuciunt's Distillery.
  7719 | D:6      | Noticed a cyclops
  7881 | D:6      | Slain by a cyclops

Illustrated notes

Levels and vault maps discovered:
D:1:      wander_arrival_abandoned_jail, layout_loops_ring
D:2:      layout_loops_ring, kennysheep_generic_room_11
D:3:      layout_rooms
D:4:      layout_loops_ring, vehumet_crystals, gammafunk_temple_overflow_claw,
          enter_ossuary_1, uniq_ijyb
D:5:      layout_basic, portal_sewer_entry_d, st_stairs_11, uniq_pikel
D:6:      layout_basic, nicolae_overflow_crystal_walls,
          minmay_temple_entry_arrows, serial_shops, shop

Skill      XL: |  1  2  3  4  5  6  7  8  9 |
---------------+----------------------------+-----
Transmutations | 3 4 5 6 |  6.0
Poison Magic   | 1 2 |  2.0
Spellcasting   | 3 4 5 |  5.0
Unarmed Combat | 4 5 7 8 |  8.3
Ice Magic      | 1 4 5 |  5.5
Fighting       | |  1.1
Dodging        | |  1.7

Action                   |  1- 3 |  4- 6 |  7- 9 || total
-------------------------+-------+-------+-------++-------
Melee: Unarmed           |   138 |   150 |   306 ||   594
       Kick              |     6 |     9 |    21 ||    36
       Tailslap          |    12 |     8 |    24 ||    44
       Headbutt          |     6 |     7 |     9 ||    22
       Punch             |     1 |     3 |     6 ||    10
 Cast: Beastly Appendage |    12 |     8 |    17 ||    37
       Spider Form       |       |     6 |    11 ||    17
       Ice Form          |       |       |     3 ||     3
 Abil: Breathe Steam     |       |       |     6 ||     6
       End Transformatio |       |       |     1 ||     1
  Use: Scroll            |       |     2 |     5 ||     7
 Stab: Distracted        |     1 |       |       ||     1
       Sleeping          |     1 |       |       ||     1
Armor: Skin              |    38 |    28 |    61 ||   127
Dodge: Dodged            |   105 |    99 |   171 ||   375
